 Dungeon Crawl Stone Soup version 0.21-a0-625-g1119ec1 (webtiles) character file.

62 Gorice the Skirmisher (level 3, -5/32 HPs)
             Began as a Demonspawn Wanderer on Dec 24, 2017.
             Splashed by Ijyb's acid (15 damage)
             ... on level 3 of the Dungeon.
             The game lasted 00:05:40 (1483 turns).

Gorice the Skirmisher (Demonspawn Wanderer)         Turns: 1483, Time: 00:05:41

Health: -5/32      AC: 11    Str: 15    XL:     3   Next: 85%
Magic:  3/3        EV:  6    Int: 13    God:
Gold:   114        SH:  0    Dex: 10    Spells: 2/2 levels left

rFire    . . .     SeeInvis .   b - +2 shortbow
rCold    . . .     Gourm    .   (shield currently unavailable)
rNeg     . . .     Faith    .   p - +1 chain mail
rPois    .         Spirit   .   (no helmet)
rElec    .         Reflect  .   (no cloak)
rCorr    .         Harm     .   (no gloves)
MR       .....                  (no boots)
Stlth    ..........             (no amulet)
HPRegen  0.10/turn              (no ring)
MPRegen  0.08/turn              (no ring)

@: no status effects
A: rugged brown scales 2
a: no special abilities


You were on level 3 of the Dungeon.
You were not hungry.

You visited 1 branch of the dungeon, and saw 3 of its levels.

You collected 114 gold pieces.

Inventory:

Hand Weapons
 b - a +2 shortbow (weapon)
 i - a +0 hand axe
 k - a +0 whip
Missiles
 a - 39 arrows (quivered)
 Y - 80 stones
Armour
 c - a +0 ring mail
 p - a +1 chain mail (worn)
Potions
 d - 2 potions of curing
 e - a potion of flight
 h - a potion of might {unknown}
 j - a potion of cancellation {unknown}
 l - a potion of degeneration {unknown}
 n - 3 potions of magic {unknown}
 o - a potion of ambrosia {unknown}
 r - a potion of mutation {unknown}
Comestibles
 f - 5 rations
 m - 4 chunks of flesh


   Skills:
 + Level 4.5 Fighting
 + Level 2.6 Bows
 - Level 1.0 Throwing
 + Level 2.6 Armour
   Level 1.0 Evocations


You had 2 spell levels left.
You didn't know any spells.

Dungeon Overview and Level Annotations

Branches:
Dungeon (3/15)

Altars:
Fedhas
Kikubaaqudgha
Ru
Zin

Annotations:
D:3 Ijyb


Innate Abilities, Weirdness & Mutations

You are mostly covered in rugged brown scales. (AC +2, +5% HP)


Message History

Firing (i - inventory. (,) - cycle):
a - 48 arrows (quivered)
Press: ? - help, Shift-Dir - straight line, f/p - Ijyb
Aim: Ijyb, wearing a ring mail and carrying a wand of acid (11) (lightly wounded)
You shoot an arrow. The arrow barely misses Ijyb.
Ijyb completely misses you.
Firing (i - inventory. (,) - cycle):
a - 47 arrows (quivered)
Press: ? - help, Shift-Dir - straight line, f/p - Ijyb
Aim: Ijyb, wearing a ring mail and carrying a wand of acid (11) (lightly wounded)
You shoot an arrow. The arrow hits Ijyb but does no damage.
Ijyb is lightly wounded.
Ijyb zaps a wand.
The bolt of acid hits you!
You are splashed with acid!
The acid burns!
* * * LOW HITPOINT WARNING * * *
Damage: 20 (max 20) Firing (i - inventory. (,) - cycle):
a - 46 arrows (quivered)
Press: ? - help, Shift-Dir - straight line, f/p - Ijyb
Aim: Ijyb, wearing a ring mail and carrying a wand of acid (10) (lightly wounded)
You shoot an arrow. The arrow barely misses Ijyb.
Ijyb barely misses you.
Firing (i - inventory. (,) - cycle):
a - 45 arrows (quivered)
Press: ? - help, Shift-Dir - straight line, f/p - Ijyb
Aim: Ijyb, wearing a ring mail and carrying a wand of acid (10) (lightly wounded)
You shoot an arrow. The arrow barely misses Ijyb.
Ijyb closely misses you.
Firing (i - inventory. (,) - cycle):
a - 44 arrows (quivered)
Press: ? - help, Shift-Dir - straight line, f/p - Ijyb
Aim: Ijyb, wearing a ring mail and carrying a wand of acid (10) (lightly wounded)
You shoot an arrow. The arrow barely misses Ijyb.
Ijyb hits you but does no damage. x2
Firing (i - inventory. (,) - cycle):
a - 43 arrows (quivered)
Press: ? - help, Shift-Dir - straight line, f/p - Ijyb
Aim: Ijyb, wearing a ring mail and carrying a wand of acid (10) (lightly wounded)
You shoot an arrow. The arrow barely misses Ijyb.
Ijyb completely misses you.
Firing (i - inventory. (,) - cycle):
a - 42 arrows (quivered)
Press: ? - help, Shift-Dir - straight line, f/p - Ijyb
Aim: Ijyb, wearing a ring mail and carrying a wand of acid (10) (lightly wounded)
You shoot an arrow. The arrow hits Ijyb but does no damage.
Ijyb is lightly wounded.
Ijyb hits you.
* * * LOW HITPOINT WARNING * * *
Damage: 2 (max 20) Firing (i - inventory. (,) - cycle):
a - 41 arrows (quivered)
Press: ? - help, Shift-Dir - straight line, f/p - Ijyb
Aim: Ijyb, wearing a ring mail and carrying a wand of acid (10) (lightly wounded)
You shoot an arrow. The arrow hits Ijyb.
Ijyb is moderately wounded.
Ijyb hits you but does no damage.
Firing (i - inventory. (,) - cycle):
a - 40 arrows (quivered)
Press: ? - help, Shift-Dir - straight line, f/p - Ijyb
Aim: Ijyb, wearing a ring mail and carrying a wand of acid (10) (moderately wounded)
You shoot an arrow. The arrow barely misses Ijyb.
Ijyb zaps a wand.
The bolt of acid hits you!
You are splashed with acid!
The acid burns!
You die...

......( .....
.(> #.# #(#
#(# #.# #g#
#@# ###.####
#####......##
#...........##
#....<.......#
#............#
#............#
#............#
#............#


You could see Ijyb.

Vanquished Creatures
  An adder (D:2)
  An ooze (D:1)
  2 worms
  8 bats
  A giant cockroach (D:2)
  7 goblins
  4 hobgoblins (D:2)
  4 jackals (D:1)
  5 kobolds
  A frilled lizard (D:2)
  A quokka zombie (D:3)
  4 rats
39 creatures vanquished.

Notes
Turn   | Place    | Note
-------+----------+-------------------------------------------
     0 | D:1      | Gorice the Demonspawn Wanderer began the quest for the Orb.
     0 | D:1      | Gorice set off with: a +2 shortbow, 24 arrows, a +0 ring mail, a potion of curing, a ration
     0 | D:1      | Reached XP level 1. HP: 19/19 MP: 1/1
    86 | D:1      | Reached skill level 2 in Armour
    87 | D:1      | Reached skill level 2 in Bows
   167 | D:1      | Gained mutation: You are partially covered in rugged brown scales. (AC +1, +3% HP) [demonic ancestry]
   167 | D:1      | Reached XP level 2. HP: 19/25 MP: 2/2
   852 | D:2      | Gained mutation: You are mostly covered in rugged brown scales. (AC +2, +5% HP) [demonic ancestry]
   852 | D:2      | Reached XP level 3. HP: 26/32 MP: 3/3
   928 | D:2      | Found a sacrificial altar of Ru.
   932 | D:2      | Found an ancient bone altar of Kikubaaqudgha.
   961 | D:2      | Found a blossoming altar of Fedhas.
  1245 | D:2      | Found a glowing silver altar of Zin.
  1459 | D:3      | Noticed Ijyb
  1483 | D:3      | Splashed by Ijyb's acid

Vault maps used:
D:1:      dpeg_arrival_rhombi
D:2:      zin_academy, grunt_temple_overflow_open, first_ration
D:3:      uniq_crazy_yiuf_cottage, uniq_ijyb

Skill      XL: |  1 |
---------------+----+-----
Armour         | 2 |  2.6
Bows           | 2 |  2.6
Fighting       | |  4.5
Throwing       | |  1.0
Evocations     | |  1.0

Action                   || total
-------------------------++-------
 Fire: Shortbow          ||   123
  Use: Scroll            ||     3
  Eat: Chunk             ||     2
Armor: Ring mail         ||     8
       Chain mail        ||    23
Dodge: Dodged            ||    27

Table legend:
 A = Spawn XP
 B = Non-spawn XP
 C = Spawn XP percentage of total XP
 D = Spawn monster count
 E = Non-spawn monster count
 F = Spawn count percentage of total count
 G = Total turns spent on level
                    A         B        C        D         E        F      G
               +---------+---------+-------+---------+---------+-------+---------
         Total |       0 |      89 |   0.0 |       0 |      39 |   0.0 |  1483
               +---------+---------+-------+---------+---------+-------+---------
           D:1 |       0 |      22 |   0.0 |       0 |      10 |   0.0 |   665
           D:2 |       0 |      54 |   0.0 |       0 |      23 |   0.0 |   725
           D:3 |       0 |      13 |   0.0 |       0 |       6 |   0.0 |    93
               +---------+---------+-------+---------+---------+-------+---------

Table legend:
 A = Turns spent in this place as a percentage of turns spent in the entire game.
 B = Non-inter-level travel turns spent in this place as a percentage of non-inter-level travel turns spent in the entire game.
 C = Inter-level travel turns spent in this place as a percentage of turns spent in this place.
 D = Turns resting spent in this place as a percentage of non-inter-level travel turns spent in this place.
 E = Turns spent auto-exploring this place as a percentage of non-inter-level travel turns spent in this place.
 F = Non-inter-level travel turns spent in this place divided by the number of levels of this place that you've seen.
                   A       B       C       D       E      F
               +-------+-------+-------+-------+-------+----------------------
         Total | 100.0 | 100.0 |   7.1 |   0.0 |  58.3 | 459.0
       Dungeon | 100.0 | 100.0 |   7.1 |   0.0 |  58.3 | 459.0
               +-------+-------+-------+-------+-------+----------------------

Vault maps used:
D:1:      dpeg_arrival_rhombi
D:2:      zin_academy, grunt_temple_overflow_open, first_ration
D:3:      uniq_crazy_yiuf_cottage, uniq_ijyb
